Map: Oxide LE

Players

soul - Winner!

  • Race: Terran Terran
  • League: Grandmaster
  • Spawn Location: 1:00

milkicow

  • Race: Terran Terran
  • League: Grandmaster
  • Spawn Location: 7:00

Event: DreamHack SC2 Masters 2020 Winter

VOD

Have the link to the VOD?

Description

Time

  • Played on: Oct. 31, 2020, 1:38 p.m.
  • Length: 9:01

All games in this series

Show
View Real Time Build Order
Export as new Build Order

soul Terran - Winner!

Build Orders: 1/1/1, Liberator Opening 

Get SALT Encoding   

  12  0:00  SCV  
  13  0:12  SCV  
  14  0:17  Supply Depot  
  14  0:24  SCV  
  15  0:39  SCV  
  15  0:42  Barracks  
  16  0:45  Refinery  
  16  0:48  Refinery  
  16  0:52  SCV  
  17  1:04  SCV  
  18  1:17  SCV  
  19  1:29  Reaper, Orbital Command  
  19  1:30  Supply Depot  
  20  1:42  Factory  
  20  1:56  SCV  
  21  2:01  Reaper  
  21  2:08  SCV  
  23  2:20  SCV  
  24  2:26  Starport  
  24  2:30  Command Center  
  24  2:33  SCV  
  25  2:38  Hellion  
  25  2:40  Reaper  
  28  2:45  Supply Depot  
  28  2:49  SCV  
  29  2:59  Hellion  
  31  3:07  SCV, Liberator  
  35  3:13  Barracks Reactor  
  35  3:19  SCV  
  36  3:21  Factory Tech Lab  
  36  3:26  Refinery  
  36  3:31  SCV  
  37  3:42  Orbital Command  
  37  3:44  SCV  
  37  3:46  Factory Tech Lab  
  38  3:51  Marine x2  
  40  3:58  Raven  
  40  4:02  SCV  
  43  4:06  Supply Depot  
  43  4:08  SCV, Cyclone  
  43  4:09  Marine x2  
  49  4:14  SCV  
  50  4:21  SCV  
  51  4:26  SCV, Marine  
  51  4:29  Supply Depot  
  51  4:30  Supply Depot  
  53  4:33  SCV  
  53  4:36  Marine  
  55  4:38  SCV  
  55  4:40  Siege Tank  
  59  4:48  Raven  
  59  4:50  Marine  
  59  4:51  SCV  
  60  4:57  SCV  
  61  5:06  Marine  
  61  5:08  SCV  
  61  5:12  Siege Tank  
  61  5:13  SCV, Marine  
  61  5:14  Command Center  
  64  5:20  SCV  
  62  5:21  Supply Depot  
  62  5:25  SCV  
  63  5:32  SCV  
  63  5:34  Barracks  
  64  5:37  SCV, Barracks  
  65  5:44  Viking x2  
  65  5:48  Stimpack, Marine  
  65  5:49  Refinery  
  70  5:51  Engineering Bay  
  70  5:54  Siege Tank  
  73  5:57  SCV  
  73  6:02  SCV, Supply Depot  
  73  6:04  Supply Depot  
  75  6:10  SCV  
  75  6:17  Viking x2  
  79  6:23  Missile Turret  
  79  6:24  Missile Turret  
  79  6:25  Marine  
  80  6:26  Orbital Command  
  80  6:27  SCV  
  81  6:35  Barracks Reactor  
  81  6:43  SCV  
  81  6:44  Barracks Reactor, Supply Depot  
  81  6:45  Marine  
  84  6:47  Viking  
  84  6:49  Terran Infantry Weapons Level 1  
  85  6:57  SCV x2  
  85  7:01  Siege Tank  
  90  7:03  Marine  
  90  7:04  Engineering Bay  
  90  7:05  Supply Depot  
  88  7:09  SCV  
  88  7:11  SCV  
  88  7:17  Orbital Command  
  88  7:21  SCV  
  87  7:23  SCV, Marine  
  87  7:29  Viking x2  
  92  7:31  Marine  
  92  7:33  SCV, Siege Tank  
  92  7:34  Marine  
  92  7:35  SCV  
  94  7:39  Marine  
  94  7:43  Marine  
  92  7:45  SCV  
  90  7:53  Marine  
  90  7:54  Marine  
  90  7:56  SCV  
  90  7:57  SCV x2  
  88  7:59  Viking  
  88  8:03  Marine  
  88  8:05  Marine, Siege Tank  
  91  8:08  SCV, Marine  
  91  8:09  SCV x2  
  91  8:12  Marine  
  91  8:20  SCV  
  91  8:22  SCV x2  
  93  8:28  Marine  
  93  8:29  Marine  
  93  8:32  SCV, Marine  
  88  8:34  SCV x2, Marine  
  88  8:41  Marine  
  97  8:44  SCV  
  97  8:46  SCV x2  
  101  8:48  Refinery  
  101  8:49  Supply Depot  
Show
View Real Time Build Order
Export as new Build Order

milkicow Terran 

Build Orders: Reaper Expand, Banshee Rush 

Get SALT Encoding   

  12  0:01  SCV  
  13  0:13  SCV  
  14  0:17  Supply Depot  
  14  0:25  SCV  
  15  0:39  SCV  
  15  0:40  Barracks  
  16  0:44  Refinery  
  16  0:51  SCV  
  17  1:03  SCV  
  18  1:15  SCV  
  19  1:27  Reaper  
  19  1:28  Orbital Command  
  20  1:42  Command Center  
  20  1:53  Supply Depot  
  20  1:54  SCV  
  20  1:59  Marine  
  22  2:06  SCV  
  23  2:10  Factory  
  23  2:15  Refinery  
  23  2:17  Marine  
  23  2:21  SCV  
  25  2:27  Bunker  
  25  2:33  SCV  
  26  2:37  Barracks Reactor  
  26  2:45  SCV  
  27  2:53  Hellion  
  27  2:55  Starport  
  29  2:59  SCV  
  29  3:03  Orbital Command  
  30  3:11  SCV  
  31  3:13  Marine x2  
  31  3:15  Factory Tech Lab  
  33  3:22  Refinery  
  33  3:23  SCV  
  34  3:30  SCV, Marine x2  
  37  3:41  SCV  
  37  3:42  Cloaking Field  
  37  3:43  Banshee, Factory Tech Lab  
  37  3:47  SCV  
  42  3:51  Supply Depot  
  42  3:53  Marine  
  42  3:54  SCV  
  42  3:55  Marine  
  45  3:59  SCV  
  46  4:11  Supply Depot  
  46  4:13  SCV, Cyclone, Marine x2  
  46  4:15  SCV  
  52  4:25  SCV  
  52  4:27  SCV  
  52  4:30  Supply Depot, Marine  
  54  4:37  SCV  
  54  4:40  SCV  
  54  4:50  SCV  
  54  4:51  Banshee, Siege Tank  
  58  4:54  Marine  
  58  4:58  SCV  
  56  5:02  SCV  
  57  5:10  SCV  
  57  5:11  Marine  
  58  5:16  SCV  
  58  5:22  SCV  
  59  5:28  SCV  
  59  5:30  Supply Depot  
  59  5:32  Marine x2  
  62  5:37  Supply Depot  
  62  5:38  Refinery  
  62  5:51  Supply Depot  
  62  5:52  SCV x2, Supply Depot, Banshee, Siege Tank  
  70  5:59  Marine x2  
  72  6:04  SCV  
  72  6:05  Command Center  
  72  6:10  SCV  
  74  6:16  SCV  
  74  6:17  Marine x2  
  77  6:22  SCV  
  78  6:27  Supply Depot, Refinery  
  78  6:28  Siege Tank  
  78  6:30  Barracks  
  78  6:31  SCV, Barracks  
  82  6:35  Supply Depot  
  82  6:42  SCV  
  82  6:43  Viking  
  82  6:46  Stimpack, Marine  
  86  6:48  Viking  
  86  6:52  SCV  
  89  6:55  SCV  
  89  6:57  Supply Depot  
  90  7:04  SCV  
  90  7:06  Siege Tank  
  90  7:07  SCV  
  95  7:13  Viking  
  96  7:17  SCV  
  96  7:19  SCV  
  90  7:24  Viking, Marine  
  90  7:25  Marine  
  90  7:27  Marine  
  90  7:29  SCV  
  90  7:32  SCV  
  87  7:38  Orbital Command, Siege Tank  
  87  7:41  SCV  
  87  7:42  Marine x2  
  83  7:44  SCV  
  81  7:53  SCV  
  81  7:56  SCV  
  70  7:59  Marine  
  70  8:05  SCV  
  71  8:08  SCV  
  71  8:10  Siege Tank  
  73  8:14  Orbital Command  
  73  8:17  SCV  
  73  8:18  Barracks Reactor x2  
  72  8:20  SCV  
  72  8:21  Marine  
  72  8:23  Engineering Bay x2  
  73  8:29  SCV  
  64  8:38  SCV  
  64  8:39  Marine  
  64  8:40  SCV  
  66  8:41  SCV  
  66  8:44  Refinery  
Tags
 
Add a new tag
Caveats
  • Supply blocks, unpowered buildings, or Contaminate may cause inaccurate times.
  • Supply counts are checked every 10 seconds.